 Dungeon Crawl Stone Soup version 0.29-a0-233-g1125b37a9b (webtiles) character file.

Game seed: 17594168119023313146

681 enile the Skirmisher (level 7, -1/50 HPs)
             Began as an Octopode Venom Mage on Mar 1, 2022.
             Was a Priest of Lugonu.
             Shot with an arrow by a centaur (14 damage)
             ... on level 5 of the Dungeon.
             The game lasted 00:12:37 (6323 turns).

enile the Skirmisher (Octopode Venom Mage)          Turns: 6323, Time: 00:12:38

Health: -1/50      AC:  1    Str:  8    XL:     7   Next: 61%
Magic:  11/11      EV: 14    Int: 19    God:    Lugonu [***...]
Gold:   127        SH:  0    Dex: 12    Spells: 6/12 levels left

rFire   . . .      SeeInvis .   q - +0 dagger (speed)
rCold   . . .      Faith    .   (no shield)
rNeg    . . .      Spirit   .   (helmet restricted)
rPois   .          Reflect  .   (no amulet)
rElec   .          Harm     .   l - ring of resist corrosion
rCorr   +          Rampage  .   (no ring)
Will    .....                   (no ring)
Stlth   +++.......              (no ring)
HPRegen 0.16/turn               (no ring)
MPRegen 0.12/turn               (no ring)
                                (no ring)
                                (no ring)

@: no status effects
A: almost no armour, amphibious, 8 rings, camouflage 1, gelatinous body 1,
(nimble swimmer 1), tentacles
a: Renounce Religion, Depart the Abyss, Bend Space, Banish


You were on level 5 of the Dungeon.
You worshipped Lugonu.
Lugonu was most pleased with you.
You visited 1 branch of the dungeon, and saw 5 of its levels.

You collected 127 gold pieces.

Inventory:

Hand Weapons
 i - a +0 dagger
 j - a +0 short sword
 o - a +3 dagger
 q - a +0 dagger of speed (weapon)
 v - a +2 vorpal hand axe
Missiles
 k - 2 curare-tipped darts
 n - 6 javelins
 t - 2 poisoned darts (quivered)
Jewellery
 l - a ring of resist corrosion (left tentacle)
Wands
 h - a wand of polymorph (6)
Scrolls
 a - 2 scrolls of magic mapping {unknown}
 b - a scroll of fear
 d - a scroll of fog
 e - a scroll of teleportation
 g - a scroll of noise
 r - a scroll of immolation
 u - a scroll of amnesia
Potions
 f - a potion of cancellation {unknown}
 m - a potion of curing {unknown}
 s - a potion of might {unknown}


   Skills:
 - Level 5.0 Fighting
 - Level 3.0 Short Blades
 - Level 4.0 Dodging
 - Level 2.6 Stealth
 - Level 3.0 Spellcasting
 - Level 1.0 Transmutations
 + Level 3.9 Poison Magic
 - Level 2.6 Evocations


You had 6 spell levels left.
You knew the following spells:

 Your Spells              Type           Power      Damage    Failure   Level
a - Sting                 Tmut/Pois      48%        1d5       5%          1
b - Poisonous Vapours     Pois/Air       20%        N/A       11%         2
c - Mephitic Cloud        Conj/Pois/Air  7%         N/A       26%         3

Your spell library contained the following spells:

 Spells                   Type           Power      Damage    Failure   Level
 Magic Dart               Conj           8%         1d3       16%         1
 Slow                     Hex            8%         N/A       16%         1
 Call Imp                 Summ           2%         N/A       22%         2
 Sublimation of Blood     Necr           2%         N/A       22%         2
 Olgreb's Toxic Radiance  Pois           17%        N/A       30%         4
 Confusing Touch          Hex            2%         N/A       41%         3
 Vampiric Draining        Necr           2%         2d6       41%         3
 Petrify                  Tmut/Erth      4%         N/A       77%         4
 Irradiate                Conj/Tmut      2%         3d14      98%         5


Dungeon Overview and Level Annotations

Branches:
Dungeon (5/15)
 Temple: D:4-7

Altars:
Lugonu

Annotations:
D:5 Blork the orc


Innate Abilities, Weirdness & Mutations

You cannot wear most types of armour.
You are amphibious.
You can wear up to eight rings at the same time.
Your skin changes colour to match your surroundings (Stealth+).
Your rubbery body absorbs attacks. (AC +1, EV +1)
((You are camouflaged when in or above water. (Stealth+)))
You have tentacles for arms and can constrict up to eight enemies at once.


Message History

You hit the iguana but do no damage. You squeeze the iguana.
You kill the iguana!
Lugonu accepts your kill.
No target in view!
You pick up a book of Minor Magic and begin reading...
You add the spells Magic Dart and Call Imp to your library.
You now have 127 gold pieces (gained 16).
Blork the orc comes into view.
He is wielding a +0 battleaxe and carrying a wand of digging (1).
Blork the orc is nearby!
Blork the orc is nearby!
Okay, then.
Press: ? - help, v - describe, . - travel
Here: Blork the orc, wielding a +0 battleaxe, wearing a +0 robe and carrying a wand of digging (1) (asleep)
The floor.
Placed new exclusion.
Found a stone staircase leading down.
Found a pair of boots.
An orc comes into view. It is wielding a +3 hand axe.
An orc is nearby!
An orc and a centaur come into view.
The centaur shouts!
The centaur wields a +0 shortbow.
The centaur shoots an arrow.
The arrow hits you!
The centaur shoots an arrow.
The arrow hits you!
The centaur shoots an arrow.
The arrow misses you.
Found a scroll of amnesia.
The centaur shoots an arrow.
The arrow hits you!
You are too injured to fight recklessly!
You closely miss the orc.
The orc shouts!
Your grab misses the orc. You squeeze the orc.
The orc is heavily wounded.
The centaur shoots an arrow.
The arrow hits you!
* * * LOW HITPOINT WARNING * * *
The orc hits you with a +3 hand axe.
* * * LOW HITPOINT WARNING * * *
Okay, then.
You feel much better.
The centaur shoots an arrow.
The arrow hits you!
* * * LOW HITPOINT WARNING * * *
The centaur shoots an arrow.
The arrow hits you!
You die...

##### # ....... ### #
....... ..# #
##c......##.# #
####.........#.# # #
..#.........#.####
####.##.#.#.............
..........#.#.#.#.#.####
#.@..#...#......# #
#.o..#.#.#......###
#.#...>............
#.####...........##
#................##
....####....#......## .
.. ##......###.# ?..
#..##### #.# #...# #.#


You could see a centaur and an orc.

Vanquished Creatures
  An ogre (D:5)
  A centaur (D:4)
  2 scorpions
  A hound (D:4)
  2 orc priests (D:4)
  Terence (D:2)
  An iguana (D:5)
  2 orc wizards (D:3)
  Robin (D:2)
  8 adders
  3 worms
  4 dart slugs
  10 orcs
  7 bats
  8 endoplasms
  18 goblins
  11 hobgoblins
  11 jackals
  3 kobolds
  2 quokkas
  5 ball pythons
  2 frilled lizards
  3 rats
107 creatures vanquished.

Notes
Turn   | Place    | Note
-------+----------+-------------------------------------------
     0 | D:1      | enile the Octopode Venom Mage began the quest for the Orb.
     0 | D:1      | Reached XP level 1. HP: 11/11 MP: 3/3
   171 | D:1      | Reached skill level 1 in Fighting
   282 | D:1      | Reached XP level 2. HP: 18/18 MP: 0/5
   511 | D:1      | Reached skill level 2 in Fighting
  1008 | D:1      | Reached XP level 3. HP: 24/24 MP: 2/6
  1391 | D:2      | Noticed Terence
  1419 | D:2      | Killed Terence
  1420 | D:2      | Reached XP level 4. HP: 15/30 MP: 4/7
  1861 | D:2      | Reached skill level 3 in Fighting
  2010 | D:2      | Learned a level 2 spell: Poisonous Vapours
  2145 | D:2      | Noticed Robin
  2601 | D:2      | Killed Robin
  3307 | D:3      | Reached XP level 5. HP: 36/36 MP: 6/9
  3490 | D:3      | Found a faded altar of an unknown god.
  3498 | D:3      | Prayed at the altar of an unknown god.
  3498 | D:3      | Became a worshipper of Lugonu the Unformed
  3498 | D:3      | Reached * piety under Lugonu
  3498 | D:3      | Reached ** piety under Lugonu
  3512 | D:3      | Reached skill level 1 in Short Blades
  4243 | D:4      | Reached skill level 4 in Fighting
  4243 | D:4      | Reached XP level 6. HP: 35/43 MP: 10/10
  4586 | D:4      | Reached skill level 5 in Fighting
  5191 | D:4      | Reached *** piety under Lugonu
  5207 | D:4      | Reached XP level 7. HP: 39/50 MP: 7/11
  5946 | D:5      | Entered Level 5 of the Dungeon
  5953 | D:5      | Reached skill level 1 in Evocations
  5959 | D:5      | Learned a level 3 spell: Mephitic Cloud
  6291 | D:5      | Noticed Blork the orc
  6323 | D:5      | Shot with an arrow by a centaur

Illustrated notes

Levels and vault maps discovered:
D:1:      mainiacjoe_arrival_reflecting_pool, layout_loops_corners
D:2:      layout_basic, uniq_terence, uniq_robin
D:3:      layout_loops_ring, ebering_ecumenical_altar_webs,
          chequers_serial_rivers_small_3
D:4:      layout_basic, serial_rivers, chequers_serial_rivers_room_b,
          chequers_serial_rivers_small_b, chequers_serial_rivers_marsh,
          chequers_serial_rivers_small_a, chequers_serial_rivers_micro_b,
          chequers_serial_rivers_small_b, hangedman_decor_growths
D:5:      layout_basic, uniq_blork_the_orc, uniq_pikel

Skill      XL: |  1  2  3  4  5  6  7 |
---------------+----------------------+-----
Fighting       | 1 2 3 4 5 |  5.0
Dodging        | 3 4 |  4.0
Spellcasting   | 3 |  3.0
Short Blades   | 2 3 |  3.0
Evocations     | 2 |  2.6
Stealth        | |  2.6
Transmutations | |  1.0
Poison Magic   | |  3.9

Action                   |  1- 3 |  4- 6 |  7- 9 || total
-------------------------+-------+-------+-------++-------
Melee: Unarmed           |    21 |       |       ||    21
       Constrict         |     7 |    32 |    12 ||    51
       Tentacles         |     8 |    29 |    17 ||    54
       Short sword       |     8 |    23 |       ||    31
       Dagger            |       |   117 |    48 ||   165
       Punch             |       |     1 |     3 ||     4
Throw: Dart              |     2 |       |     1 ||     3
       Javelin           |       |     5 |       ||     5
 Cast: Sting             |    38 |    49 |     1 ||    88
       Poisonous Vapours |       |    25 |       ||    25
Invok: Bend Space        |       |       |     1 ||     1
  Use: Scroll            |       |     8 |     1 ||     9
       Potion            |       |     2 |     1 ||     3
 Stab: Sleeping          |       |     5 |     3 ||     8
       Distracted        |       |       |     1 ||     1
Armor: Skin              |     4 |     6 |     3 ||    13
Dodge: Dodged            |    32 |    76 |    15 ||   123

Table legend: (Time is in decaauts)
 A = Elapsed time spent in this place.
 B = Non-inter-level travel time spent in this place.
 C = Inter-level travel time spent in this place.
 D = Time resting spent in this place.
 E = Time spent auto-exploring this place.
 F = Levels seen in this place.
 G = Mean time per level.
                   A        B        C        D        E       F      G
               +--------+--------+--------+--------+--------+-----+--------+
         Total |   6263 |   6090 |    173 |    273 |   4926 |   5 | 1252.6 |
       Dungeon |   6263 |   6090 |    173 |    273 |   4926 |   5 | 1252.6 |
               +--------+--------+--------+--------+--------+-----+--------+

Top non-repeatable levels by time:
     D:4: 1669 daAuts
     D:1: 1572 daAuts
     D:2: 1442 daAuts
     D:3: 1209 daAuts
     D:5: 369 daAuts
